 Dungeon Crawl Stone Soup version 0.25-a0-185-g6cfeca75b2 (webtiles) character file.

Game seed: 14862284617978004055, levelgen mode: deterministic

176 MisterFreud the Ducker (level 5, -3/25 HPs)
             Began as a Felid Enchanter on Nov 27, 2019.
             Slain by an orc wizard
             ... wielding a cursed -1 dagger
              (6 damage)
             ... on level 4 of the Dungeon.
             The game lasted 00:07:52 (4415 turns).

MisterFreud the Ducker (Felid Enchanter)            Turns: 4415, Time: 00:07:53

Health: -3/25      AC:  1    Str:  4    XL:     5   Next: 30%
Magic:  6/9        EV: 20    Int: 17    God:
Gold:   221        SH:  0    Dex: 17    Spells: 2/8 levels left
                                        Lives:  0   Deaths: 1

rFire    . . .     SeeInvis +     - Unarmed
rCold    . . .     Gourm    .   (shield unavailable)
rNeg     . . .     Faith    .   (armour unavailable)
rPois    .         Spirit   .   (helmet unavailable)
rElec    .         Reflect  .   (cloak unavailable)
rCorr    .         Harm     .   (gloves unavailable)
MR       .....                  (boots unavailable)
Stlth    +++.......             (no amulet)
HPRegen  0.08/turn              (no ring)
MPRegen  0.11/turn              (no ring)

@: very slightly contaminated, quick
A: very small, no armour, no weapons or thrown items, stealth, claws 1, fangs 3,
see invisible, carnivore, speed 1, shaggy fur 1, slow metabolism 1, sharp paws
a: no special abilities


You were on level 4 of the Dungeon.
You were very full.

You visited 1 branch of the dungeon, and saw 4 of its levels.

You collected 221 gold pieces.

Inventory:

Missiles
 c - 31 arrows
 e - 88 stones
Jewellery
 i - an uncursed ring of fire
Wands
 f - a wand of digging (6)
Potions
 a - 2 potions of cancellation
Comestibles
 b - 6 rations


   Skills:
 - Level 4.0 Fighting
 + Level 4.5 Dodging
 - Level 4.0 Stealth
 + Level 2.8 Unarmed Combat
 - Level 2.0 Spellcasting
 - Level 4.4 Hexes


You had 2 spell levels left.
You knew the following spells:

 Your Spells              Type           Power        Failure   Level  Hunger
a - Corona                Hex            ###....      3%          1    #......
b - Ensorcelled Hibernat  Hex/Ice        #.....       12%         2    ###....
c - Confuse               Hex            ###.....     10%         3    ###....

Your spell library contained the following spells:

 Spells                   Type           Power        Failure   Level  Hunger
 Tukima's Dance           Hex            ###.....     10%         3    ###....
 Dazzling Spray           Conj/Hex       #.....       24%         3    ###....


Dungeon Overview and Level Annotations

Branches:
Dungeon (4/15)
 Temple: D:4-7

Altars:


Innate Abilities, Weirdness & Mutations

You cannot wear armour.
You are incapable of wielding weapons or throwing items.
Your paws allow you to move quietly. (Stealth)
You have sharp claws.
You have razor-sharp teeth.
You have supernaturally acute eyesight. (SInv)
You are carnivorous and can eat meat at any time.
You cover ground quickly.
You are covered in fur. (AC +1)
You have a slow metabolism.
Your sharp claws are effective at attacking unaware monsters.


Message History

The orc wizard mumbles some strange words.
The orc wizard flickers and vanishes for a moment.
You scratch the orc wizard.
The orc wizard is severely wounded.
The orc wizard misses you.
You scratch the orc wizard.
The orc wizard is severely wounded.
The orc wizard hits you with a cursed -1 dagger.
You scratch the orc wizard. Your bite misses the orc wizard.
The orc wizard is almost dead.
You scratch the orc wizard but do no damage.
Your bite misses the orc wizard.
The orc wizard is almost dead.
The orc wizard gestures at you while chanting.
The magic dart hits you!
* * * LOW HITPOINT WARNING * * *
You barely miss the orc wizard.
The orc wizard is almost dead.
The orc wizard hits you with a cursed -1 dagger.
You die...

#.# ## .
##.###.#.#
#.)...>...
#.........
#...######
#o..######
#o.......(
#o#.######
#@#.#
#.#.#
#.#.#
....#
..### #..#
#..# #..#


You could see 2 orc wizards and an orc.

Vanquished Creatures
  An ogre (D:4)
  An orc priest (D:3)
  5 adders
  An ooze (D:3)
  3 worms (D:2)
  4 leopard geckos
  3 orcs (D:3)
  2 ball pythons
  4 giant cockroaches
  4 goblins
  9 hobgoblins
  5 kobolds
  2 quokkas
  7 bats
  2 frilled lizards
  11 rats
64 creatures vanquished.

Notes
Turn   | Place    | Note
-------+----------+-------------------------------------------
     0 | D:1      | MisterFreud the Felid Enchanter began the quest for the
                  | Orb.
     0 | D:1      | Reached XP level 1. HP: 7/7 MP: 4/4
   158 | D:1      | Reached skill level 1 in Fighting
   496 | D:1      | Reached XP level 2. HP: 13/13 MP: 6/6
   575 | D:1      | Learned a level 2 spell: Ensorcelled Hibernation
  1255 | D:2      | Reached XP level 3. HP: 11/16 MP: 2/7
  2389 | D:2      | Learned a level 3 spell: Confuse
  2418 | D:2      | Reached XP level 4. HP: 22/22 MP: 5/8
  4241 | D:3      | HP: 1/22 [orc priest (2)]
  4243 | D:3      | Slain by an orc priest
  4244 | D:3      | Reached XP level 3. HP: -4/18 MP: 0/7
  4257 | D:3      | Reached XP level 4. HP: 22/22 MP: 5/8
  4386 | D:4      | Noticed an ogre
  4398 | D:4      | Killed an ogre
  4398 | D:4      | Reached XP level 5. HP: 25/25 MP: 4/9
  4415 | D:4      | Slain by an orc wizard

Levels and vault maps discovered:
D:1:      minmay_arrival_wavy_path, layout_loops_ring, minmay_tree_intersection,
          minmay_quantized
D:2:      layout_loops_cross, chequers_serial_rivers_large_a
D:3:      layout_basic
D:4:      layout_loops_ring, grunt_temple_overflow_diamond,
          kennysheep_mini_moat, kennysheep_slug_shrine, first_ration,
          minmay_misc_feat_more_columns

Skill      XL: |  1  2  3  4 |
---------------+-------------+-----
Fighting       | 1 2 3 4 |  4.0
Dodging        | 4 |  4.5
Unarmed Combat | 2 |  2.8
Stealth        | |  4.0
Spellcasting   | |  2.0
Hexes          | |  4.4

Action                   |  1- 3 |  4- 6 || total
-------------------------+-------+-------++-------
Melee: Unarmed           |   175 |   116 ||   291
       Bite              |    11 |     9 ||    20
 Cast: Ensorcelled Hiber |     6 |     7 ||    13
       Confuse           |     1 |     6 ||     7
       Corona            |       |     1 ||     1
  Use: Scroll            |     8 |     3 ||    11
       Potion            |       |     2 ||     2
 Stab: Sleeping          |    10 |    12 ||    22
       Confused          |     1 |     3 ||     4
       Distracted        |       |     1 ||     1
  Eat: Chunk             |    10 |     9 ||    19
Armor: Skin              |    15 |     1 ||    16
Dodge: Dodged            |   168 |    85 ||   253

Table legend:
 A = Non-vault XP
 B = Vault XP
 C = Vault XP percentage of total XP
 D = Non-vault monster count
 E = Vault monster count
 F = Vault count percentage of total count
                 A         B        C        D         E       F
            +---------+---------+-------+---------+---------+-------
      Total |     337 |       8 |   2.3 |      60 |       4 |   6.2
            +---------+---------+-------+---------+---------+-------
        D:1 |      18 |       8 |  30.8 |      12 |       4 |  25.0
        D:2 |     108 |       0 |   0.0 |      33 |       0 |   0.0
        D:3 |      89 |       0 |   0.0 |      14 |       0 |   0.0
        D:4 |     122 |       0 |   0.0 |       1 |       0 |   0.0
            +---------+---------+-------+---------+---------+-------
